cohdb
Replays
Latest Replays
All Replays
Popular Replays
Top Player Replays
Match Explorer
How It Works
Community
CoH3 Stats
Reddit
Sign in to upload your games and track your stats! →
Sign in with Steam
Match 45541399
Unlisted
Match 45541399
Overview
Messages
Build Orders
End
Kradschützen Motorcycle Team
Selects Panzerjäger Kommand Battlegroup
Selects Mine Fields
Panzergrenadier Squad
Panzergrenadier Squad
Construct Light Support Kompanie
2.5-tonne Medical Truck
Selects Defensive Positions
Kradschützen Motorcycle Team
Fire Support Elements
2.5-tonne Medical Truck
Panzerjäger Squad
Selects Tank Busters
Selects Butterfly Bomb Drop
Butterfly Bomb Drop
Construct Panzerarmee Kommand
Butterfly Bomb Drop
Armored Reserves
Selects Tank Busters
Veteran Squad Leaders
con_007
A Sassy Badger
Urge to Merge
Jimm-e
Nefris
Bueno
shor
Chick
0
0
Comments
sign in to comment!
No comments posted yet!